 Dungeon Crawl Stone Soup version 0.21.1-1-g345015f (webtiles) character file.

87 Supreme the Magician (level 4, -2/24 HPs)
             Began as a Deep Elf Wizard on Apr 25, 2018.
             Killed by nerve-wracking pain
             ... invoked by Grinder
              (14 damage)
             ... on level 3 of the Dungeon.
             The game lasted 00:16:35 (1879 turns).

Supreme the Magician (Deep Elf Wizard)              Turns: 1879, Time: 00:16:35

Health: -2/24      AC:  2    Str:  4    XL:     4   Next: 28%
Magic:  4/14       EV: 13    Int: 24    God:
Gold:   118        SH:  0    Dex: 13    Spells: 5/15 levels left

rFire    . . .     SeeInvis .   h - +0 spear
rCold    . . .     Gourm    .   (no shield)
rNeg     . . .     Faith    .   a - +0 robe
rPois    .         Spirit   .   b - +0 hat
rElec    .         Reflect  .   (no cloak)
rCorr    .         Harm     .   (no gloves)
MR       .....                  (no boots)
Stlth    ++........             (no amulet)
HPRegen  0.08/turn              (no ring)
MPRegen  0.14/turn              (no ring)

@: no status effects
A: no striking features
a: no special abilities


You were on level 3 of the Dungeon.
You were not hungry.

You visited 1 branch of the dungeon, and saw 3 of its levels.

You collected 118 gold pieces.

Inventory:

Hand Weapons
 f - a +1 dagger of venom
 h - a +0 spear (weapon)
 o - a +0 dagger
Missiles
 l - 22 arrows
 p - 104 stones (quivered)
 u - a throwing net
 w - 21 poisoned needles
Armour
 a - a +0 robe (worn)
 b - a +0 hat (worn)
 v - a +0 helmet
Scrolls
 g - 3 scrolls of identify {unknown}
 j - 2 scrolls of teleportation {unknown}
 n - 2 scrolls of magic mapping {unknown}
 q - a scroll of noise {unknown}
 r - a scroll of amnesia {unknown}
 s - a scroll of enchant armour {unknown}
Potions
 e - 3 potions of curing {unknown}
 i - a potion of berserk rage {unknown}
 k - a potion of brilliance {unknown}
 m - a potion of agility {unknown}
Books
 c - a book of Minor Magic

   Spells                             Type                      Level
   a - Magic Dart                     Conjuration                  1
   b - Blink                          Translocation                2
   c - Call Imp                       Summoning                    2
   d - Slow                           Hexes                        2
   e - Conjure Flame                  Conjuration/Fire             3
   f - Mephitic Cloud                 Conjuration/Poison/Air       3
Comestibles
 d - 5 rations
 t - 2 chunks of flesh


   Skills:
 + Level 0.1 Fighting
 + Level 3.0 Dodging
 + Level 2.8 Stealth
 + Level 6.0 Spellcasting
 + Level 2.1 Conjurations
 + Level 1.1 Summonings
 + Level 1.1 Translocations


You had 5 spell levels left.
You knew the following spells:

 Your Spells              Type           Power        Failure   Level  Hunger
a - Magic Dart            Conj           ###.         3%          1    None
b - Blink                 Tloc           N/A          8%          2    None
c - Call Imp              Summ           ##......     8%          2    None
d - Slow                  Hex            #.......     12%         2    None
e - Conjure Flame         Conj/Fire      ##......     16%         3    #......


Dungeon Overview and Level Annotations

Branches:
Dungeon (3/15)

Altars:
Fedhas

Annotations:
D:3 Grinder


Message History

Casting: Call Imp
Confirm with . or Enter, or press ? or * to list all spells.
A metallic apparition takes form in the air.
Grinder hits your white imp!
Your white imp dies!
Your crimson imp disappears in a puff of smoke!
What are your orders? t - Shout!
Orders for allies: a - Attack new target. p - Attack previous target. r - Retreat! s - Stop attacking. g - Guard the area. f - Follow me.
Anything else - Cancel.
Gang up on whom?
Press: ? - help, Dir - move target cursor, f/p - Grinder
Aim: Grinder (moderately wounded) Attack!
Grinder gestures at you. Pain shoots through your body!
Ouch! That really hurt!
You die...

....... .......# .......#
.......# .......# .......##
........##### #...@..#
#########......#
#..........55...#
#...............#
####...............######.
.........................
####.........###.......####
.......................>..
............####........#


You could see Grinder and a friendly iron imp.

Vanquished Creatures
  An adder (D:3)
  A gnoll (D:3)
  An ooze (D:1)
  A worm (D:2)
  3 dart slugs
  2 leopard geckos
  2 giant cockroaches (D:2)
  4 goblins
  3 hobgoblins
  4 jackals
  3 kobolds
  A ball python (D:2)
  A bat (D:2)
  2 frilled lizards (D:2)
  4 rats
33 creatures vanquished.

Vanquished Creatures (collateral kills)
  3 adders
  A giant cockroach (D:2)
  A hobgoblin (D:2)
5 creatures vanquished.

Grand Total: 38 creatures vanquished

Notes
Turn   | Place    | Note
-------+----------+-------------------------------------------
     0 | D:1      | Supreme the Deep Elf Wizard began the quest for the Orb.
     0 | D:1      | Reached XP level 1. HP: 10/10 MP: 7/7
   623 | D:1      | Reached XP level 2. HP: 15/15 MP: 4/9
   627 | D:1      | Learned a level 2 spell: Blink
   630 | D:1      | Learned a level 2 spell: Call Imp
   633 | D:1      | Learned a level 2 spell: Slow
   699 | D:2      | Reached skill level 5 in Spellcasting
   960 | D:2      | Reached XP level 3. HP: 19/19 MP: 4/11
   965 | D:2      | Learned a level 3 spell: Conjure Flame
  1697 | D:3      | Reached XP level 4. HP: 22/24 MP: 10/13
  1722 | D:3      | Reached skill level 6 in Spellcasting
  1832 | D:3      | Found a blossoming altar of Fedhas.
  1833 | D:3      | Noticed Grinder
  1844 | D:3      | Paralysed by Grinder for 2 turns
  1864 | D:3      | Paralysed by Grinder for 2 turns
  1879 | D:3      | Killed from afar by Grinder

Skill      XL: |  1  2  3  4 |
---------------+-------------+-----
Spellcasting   | 5 6 |  6.0
Dodging        | 3 |  3.0
Conjurations   | 2 |  2.1
Fighting       | |  0.1
Stealth        | |  2.8
Summonings     | |  1.1
Translocations | |  1.1

Action                   |  1- 3 |  4- 6 || total
-------------------------+-------+-------++-------
Melee: Spear             |    49 |    10 ||    59
       Dagger            |     4 |       ||     4
 Cast: Magic Dart        |    85 |    12 ||    97
       Conjure Flame     |     3 |     1 ||     4
       Call Imp          |     2 |     6 ||     8
       Blink             |     1 |       ||     1
 Stab: Sleeping          |     3 |       ||     3
  Eat: Chunk             |     2 |     1 ||     3
Armor: Robe              |    12 |       ||    12
Dodge: Dodged            |    41 |     2 ||    43
